AoeStats
← GoldPhantom

Oasis

510121813Analyzed
4v4 RM · 4d ago on Sep 29, 2026· 29m 29s· 8 players
Game mode
Random Map
Map size
Large (8 player)
Population
200
Speed
Normal
Resources
Standard
Victory
Conquest
Starting age
Dark Age
Ending age
Imperial Age
RankedLock teamsTeams togetherTeam positionsShared explorationLock speedFull tech treeHidden civsTurbo modeCheats
Victory
Defeat
🇩🇪 Mongols · Germany
852
+12
🇩🇪 Britons · Germany
821
+13
🇭🇰 Saracens · Hong Kong SAR China
808
+14
🇭🇰 Lithuanians · Hong Kong SAR China
774
+15
🇪🇸 Franks · Spain
853
-16
🇦🇹 Persians · Austria
750
-13
🇯🇵 Celts · Japan
745
-13
🇨🇳 Britons · China
711
-12
215825245
0:37 Loom
12:28 Feudal Age
20:14 Castle Age
23:13 Double-Bit Axe
24:14 Fletching
24:42 Forging
29:18 Bodkin Arrow
30:07 Wheelbarrow
Sägewerk
0:29 Loom
11:53 Feudal Age
13:54 Wheelbarrow
20:03 Castle Age
19:13 Stone Mining
19:36 Gold Mining
22:30 Husbandry
22:43 Bloodlines
22:48 Double-Bit Axe
26:07 Horse Collar
GoldPhantom
11:22 Feudal Age
9:38 Loom
13:51 Double-Bit Axe
19:28 Bloodlines
22:43 Forging
25:37 Castle Age
23:49 Horse Collar
26:58 Wheelbarrow
26:09 Town Watch
26:37 Bow Saw
29:36 Fervor
AramPseudoGerman
12:03 Feudal Age
12:49 Double-Bit Axe
13:45 Wheelbarrow
12:52 Horse Collar
14:33 Gold Mining
19:03 Castle Age
20:04 Heavy Plow
20:17 Bow Saw
19:53 Elite Skirmisher
21:33 Hand Cart
24:54 Forging
26:19 Husbandry
26:30 Husbandry
26:52 Scale Barding Armor
28:21 Iron Casting
29:47 Stone Mining
30:35 Gold Shaft Mining
RuinMireia
7:49 Loom
10:21 Feudal Age
10:58 Double-Bit Axe
13:46 Fletching
14:39 Horse Collar
18:29 Gold Mining
20:22 Padded Archer Armor
22:59 Castle Age
21:21 Stone Mining
23:02 Crossbowman
23:59 Bow Saw
24:21 Bodkin Arrow
28:22 Ballistics
Maniac313
11:10 Feudal Age
21:44 Castle Age
19:54 Double-Bit Axe
20:43 Horse Collar
20:57 Stone Mining
25:08 Wheelbarrow
24:29 Loom
28:03 Town Watch
31:59 Imperial Age
小鱼鱼鱼
12:01 Feudal Age
13:43 Horse Collar
13:57 Double-Bit Axe
14:48 Loom
20:12 Gold Mining
22:27 Castle Age
20:35 Stone Mining
24:00 Gold Shaft Mining
23:39 Bow Saw
23:33 Heavy Plow
25:47 Wheelbarrow
24:59 Town Watch
27:48 Hand Cart
28:10 Treadmill Crane
sentoginerzarra
0:48 Loom
12:33 Feudal Age
13:53 Wheelbarrow
13:06 Double-Bit Axe
13:14 Stone Mining
13:17 Gold Mining
22:33 Castle Age
21:39 Forging
21:35 Scale Barding Armor
24:54 Iron Casting
25:59 Hand Cart
26:05 Husbandry
25:28 Light Cavalry
27:01 Bow Saw
27:31 Gold Shaft Mining
Connection lost

Rejoining the realm…

Still unreachable

The connection could not be restored.

Session expired

The server has moved on; the page needs a fresh start.